Map: Discordance EC

Players

Sorandom

  • Race: Zerg Zerg
  • League: Diamond
  • Spawn Location: 1:00

mikketmikket - Winner!

  • Race: Terran Terran
  • League: Diamond
  • Spawn Location: 7:00

VOD

Have the link to the VOD?

Description

Time

  • Played on: May 6, 2019, 4:23 p.m.
  • Length: 8:37
Show
View Real Time Build Order
Export as new Build Order

Sorandom Zerg 

Build Orders: Pool First, Ravager All-In 

Get SALT Encoding   

  12  0:03  Drone  
  13  0:31  Spawning Pool, Drone  
  13  0:32  Drone  
  13  0:35  Extractor  
  13  0:36  Extractor  
  13  0:40  Drone  
  13  0:45  Drone  
  14  0:54  Overlord  
  14  1:09  Overlord  
  14  1:20  Roach Warren  
  13  1:47  Drone x2  
  15  2:00  Roach  
  15  2:01  Roach  
  19  2:09  Roach  
  21  2:21  Ravager x2  
  23  2:23  Roach  
  23  2:29  Ravager  
  26  2:42  Roach x2  
  30  2:52  Overlord  
  30  3:25  Roach x3  
  36  3:38  Roach  
  38  3:42  Lair  
  35  3:53  Roach  
  37  3:58  Overlord  
  33  4:12  Roach  
  30  4:25  Drone  
  30  4:27  Ravager x3  
  34  4:33  Drone  
  32  4:46  Roach  
  32  4:58  Ravager  
  30  5:01  Roach  
  30  5:03  Roach  
  34  5:13  Roach  
  36  5:27  Hatchery  
  33  5:44  Drone  
  33  5:45  Drone  
  35  5:56  Drone  
  35  5:57  Drone  
  35  6:16  Drone  
  36  6:26  Spore Crawler  
  35  6:36  Queen  
  37  6:41  Hatchery  
  37  6:42  Zergling x2  
  27  6:57  Zergling x2  
  27  6:58  Zergling x8  
  32  7:08  Drone  
  32  7:11  Queen  
  35  7:17  Roach  
  37  7:27  Spine Crawler  
  36  7:30  Spine Crawler  
  36  7:35  Overlord  
  35  7:44  Overlord  
  35  7:53  Drone  
  35  7:54  Drone x2  
  40  8:10  Drone x2  
  42  8:15  Roach  
Show
View Real Time Build Order
Export as new Build Order

mikketmikket Terran - Winner!

Build Orders:  

Get SALT Encoding   

  12  0:01  SCV  
  13  0:13  SCV  
  14  0:22  Supply Depot  
  14  0:25  SCV  
  15  0:32  Refinery  
  15  0:43  SCV  
  15  0:45  Barracks  
  16  0:55  SCV  
  17  1:01  Supply Depot  
  17  1:08  SCV  
  18  1:20  SCV  
  19  1:33  SCV  
  19  1:39  Reaper  
  21  1:46  Orbital Command  
  21  1:58  Factory  
  21  2:05  Command Center  
  21  2:11  SCV  
  21  2:13  Barracks Reactor  
  22  2:19  Supply Depot  
  22  2:25  SCV, Refinery  
  23  2:44  SCV  
  24  2:56  Barracks Tech Lab, SCV  
  25  2:59  Hellion  
  25  3:00  Hellion  
  29  3:10  Bunker  
  28  3:16  Marauder  
  30  3:20  Bunker  
  30  3:21  Widow Mine x2  
  29  3:38  Marauder  
  30  3:42  Widow Mine x2  
  32  3:58  Bunker  
  32  4:00  Marauder  
  34  4:03  Widow Mine  
  31  4:21  Marauder  
  31  4:22  Barracks x2  
  31  4:30  Orbital Command  
  31  4:37  SCV  
  30  5:10  Barracks Reactor  
  30  5:11  Barracks Tech Lab  
  30  5:13  Starport  
  30  5:23  Factory Tech Lab  
  30  5:24  Marauder  
  30  5:45  Marauder, Stimpack  
  32  5:50  Marine  
  32  5:51  Siege Tank  
  36  5:59  Marine x2  
  38  6:21  Supply Depot  
  38  6:22  Barracks Tech Lab  
  38  6:31  Command Center  
  38  6:42  Medivac, Orbital Command, Marine x2  
  38  6:43  Marauder  
  44  7:01  Supply Depot  
  44  7:04  Siege Tank  
  47  7:17  Marine x2  
  47  7:18  Marine  
  47  7:19  Marauder  
  52  7:22  Starport Reactor  
  52  7:24  Engineering Bay  
  52  7:25  SCV  
  52  7:26  SCV  
  54  7:37  SCV  
  54  7:44  SCV  
  56  7:48  Orbital Command  
  56  7:49  Supply Depot  
  56  7:50  Siege Tank  
  61  7:51  Marauder  
  61  7:54  SCV  
  61  7:56  SCV  
  63  8:02  Marine x2  
  65  8:07  SCV  
Tags
 
Matchup
TvZ
Opening
Pool First
Replay Pack
Desktop
Spawn Locations
Cross Positions
Add a new tag
Caveats
  • Supply blocks, unpowered buildings, or Contaminate may cause inaccurate times.
  • Supply counts are checked every 10 seconds.